 Dungeon Crawl Stone Soup version 0.28.0-43-g3370ac3207 (webtiles) character file.

Game seed: 11081519908896933874

1075 croobank the Sneak (level 8, 0/46 HPs)
             Began as an Octopode Fire Elementalist on Mar 27, 2022.
             Was a Follower of Vehumet.
             Slain by a sky beast (5 damage)
             ... on level 5 of the Dungeon.
             The game lasted 00:15:48 (5190 turns).

croobank the Sneak (Octopode Fire Elementalist)     Turns: 5190, Time: 00:15:49

Health: 0/46       AC:  1    Str:  9    XL:     8   Next: 29%
Magic:  9/14       EV: 14    Int: 19    God:    Vehumet [*.....]
Gold:   214        SH:  0    Dex: 13    Spells: 8/15 levels left

rFire   . . .      SeeInvis .   a - +4 glaive of Perfectionism {elec, Str+2}
rCold   . . .      Faith    .   (shield currently unavailable)
rNeg    . . .      Spirit   .   (helmet restricted)
rPois   .          Reflect  .   (no amulet)
rElec   .          Harm     .   (no ring)
rCorr   .          Rampage  .   (no ring)
Will    .....                   (no ring)
Stlth   ++++......              (no ring)
HPRegen 0.15/turn               (no ring)
MPRegen 0.14/turn               (no ring)
                                (no ring)
                                (no ring)

@: no status effects
A: almost no armour, amphibious, 8 rings, camouflage 1, gelatinous body 1,
(nimble swimmer 1), tentacles
a: Renounce Religion


You were on level 5 of the Dungeon.
You worshipped Vehumet.
Vehumet was aware of your devotion.
You visited 1 branch of the dungeon, and saw 5 of its levels.

You collected 214 gold pieces.

Inventory:

Hand Weapons
 a - the +4 glaive of Perfectionism (weapon) {elec, Str+2}
   (You acquired it on level 5 of the Dungeon)

   It occasionally discharges a powerful burst of electricity upon striking a
   foe.
   Str:       It affects your strength (+2).
 b - a +0 hunting sling
 e - a +0 whip
 p - a +0 hand axe
 v - a +0 hand crossbow
 x - a +0 flail of pain
 B - a +1 falchion of electrocution
Missiles
 f - 167 stones
 l - 93 arrows
 r - 50 sling bullets
 s - 41 bolts
Jewellery
 y - a ring of poison resistance
Scrolls
 g - a scroll of enchant weapon
 i - a scroll of enchant armour
 j - a scroll of blinking
 k - a scroll of teleportation
 n - a scroll of brand weapon
Potions
 c - 3 potions of curing
 d - a potion of resistance
 h - a potion of invisibility
 m - a potion of haste {unknown}
 o - 2 potions of might {unknown}
 u - a potion of attraction {unknown}
 w - a potion of heal wounds {unknown}
 z - a potion of degeneration {unknown}
 A - 2 potions of brilliance {unknown}


   Skills:
 + Level 0.2 Fighting
 + Level 0.1 Polearms
 + Level 4.5 Dodging
 + Level 6.5 Stealth
 + Level 4.2 Spellcasting
 + Level 4.1 Conjurations
 + Level 5.1 Fire Magic


You had 8 spell levels left.
You knew the following spells:

 Your Spells              Type           Power      Damage    Failure   Level
a - Foxfire               Conj/Fire      84%        2x1d8     1%          1
b - Scorch                Fire           46%        2d7       2%          2
c - Flame Wave            Conj/Fire      21%        2d7       21%         4

Your spell library contained the following spells:

 Spells                   Type           Power      Damage    Failure   Level
 Magic Dart               Conj           76%        1d6       2%          1
 Conjure Flame            Conj/Fire      21%        6-21      6%          3
 Inner Flame              Hex/Fire       13%        N/A       14%         3


Dungeon Overview and Level Annotations

Branches:
Dungeon (5/15)
 Temple: D:4-7

Altars:
Makhleb
Trog
Vehumet
The Shining One

Shops:
D:2 =[*(


Innate Abilities, Weirdness & Mutations

You cannot wear most types of armour.
You are amphibious.
You can wear up to eight rings at the same time.
Your skin changes colour to match your surroundings (Stealth+).
Your rubbery body absorbs attacks. (AC +1, EV +1)
((You are camouflaged when in or above water. (Stealth+)))
You have tentacles for arms and can constrict up to eight enemies at once.


Message History

You slash the iguana!
You kill the iguana!
Vehumet accepts your kill.
r - 50 sling bullets (gained 14)
A sky beast comes into view.
Casting: Foxfire (safe; 1% risk of failure)
Confirm with . or Enter, or press ? or * to list all spells.
You conjure some foxfire!
The foxfire hits the sky beast.
The sky beast is lightly wounded.
The foxfire hits the sky beast.
The sky beast is moderately wounded.
Casting: Foxfire (safe; 1% risk of failure)
Confirm with . or Enter, or press ? or * to list all spells.
You conjure some foxfire!
The foxfire hits the sky beast.
The sky beast is moderately wounded.
The foxfire hits the sky beast but does no damage.
The sky beast is moderately wounded.
You barely miss the sky beast. Your squeeze misses the sky beast.
The sky beast is moderately wounded.
The sky beast hits you. The sky beast shocks you.
The sky beast flickers out of sight!
Deactivating autopickup; reactivate with Ctrl-A.
Something hits you. Something shocks you.
You closely miss something. Something hits you. Something shocks you.
Something hits you. Something shocks you.
You barely miss something. Your squeeze misses something. Something hits you.
* * * LOW HITPOINT WARNING * * *
Something shocks you.
* * * LOW HITPOINT WARNING * * *
Casting: Foxfire (safe; 1% risk of failure)
Confirm with . or Enter, or press ? or * to list all spells.
Flames lash something.
Something hits you but does no damage.
Casting: Scorch (safe; 2% risk of failure)
Confirm with . or Enter, or press ? or * to list all spells.
Flames lash something.
Something hits you.
* * * LOW HITPOINT WARNING * * *
Something shocks you.
You die...

.####.....###..# ####..##.....)
.##...........## #.##..........
..............# ##....##......
#...#####.....## #....##.#....
#..## ##.....######....##.##...
.#..### #..#....##..........##..
###...####.####.....#.#...##.....
# ###...#..#####<{....#..####.##.
##.......#..@........###..##.
##.......................#....
##.........###.................
##..........####..###...........
##............# ##...##..........
...........#..# ##.#.##.........
.....####..##.####...#...........
....## #..###...##........#......
....####..# ##.........####......


There were no monsters in sight!

Vanquished Creatures
  Edmund (D:4)
  A sky beast (D:5)
  2 necrophages
  A black bear (D:5)
  2 ogres
  A bullfrog (D:5)
  A centaur zombie (D:5)
  A hound (D:4)
  A bullfrog skeleton (D:5)
  2 orc priests (D:5)
  2 centaur skeletons (D:5)
  An iguana (D:5)
  An orc wizard (D:4)
  4 adders
  A gnoll (D:1)
  A shadow imp (D:5)
  3 worms (D:2)
  3 dart slugs
  4 orcs
  2 endoplasms
  2 giant cockroaches (D:1)
  7 goblins
  6 hobgoblins
  A quokka (D:2)
  6 ball pythons
  4 bats (D:2)
  6 frilled lizards
  2 kobolds (D:1)
  4 rats
73 creatures vanquished.

Vanquished Creatures (others)
  120 foxfires
120 creatures vanquished.

Grand Total: 193 creatures vanquished

Notes
Turn   | Place    | Note
-------+----------+-------------------------------------------
     0 | D:1      | croobank the Octopode Fire Elementalist began the quest for
                  | the Orb.
     0 | D:1      | Reached XP level 1. HP: 11/11 MP: 3/3
   227 | D:1      | Reached XP level 2. HP: 17/17 MP: 3/5
   253 | D:1      | Reached skill level 3 in Stealth
   313 | D:1      | Found a faded altar of an unknown god.
   386 | D:1      | Reached XP level 3. HP: 10/21 MP: 3/6
   389 | D:1      | Learned a level 2 spell: Scorch
  1088 | D:2      | Found Motyegat's General Store.
  1118 | D:2      | Found Tiosideg's Antique Armour Shoppe.
  1167 | D:2      | Found Aprid's Jewellery Shop.
  1334 | D:2      | Found a bloodstained altar of Trog.
  1404 | D:2      | Found Kuyj's Weapon Emporium.
  1420 | D:2      | Reached XP level 4. HP: 27/27 MP: 2/7
  1425 | D:2      | Learned a level 4 spell: Flame Wave
  2082 | D:3      | Found a radiant altar of Vehumet.
  2088 | D:3      | Became a worshipper of Vehumet
  2122 | D:3      | Found a burning altar of Makhleb.
  2140 | D:3      | Found a glowing golden altar of the Shining One.
  2445 | D:4      | Noticed Edmund
  2635 | D:4      | Noticed a necrophage
  2648 | D:4      | Killed a necrophage
  2649 | D:4      | Reached skill level 4 in Stealth
  2649 | D:4      | Reached XP level 5. HP: 20/31 MP: 1/9
  2820 | D:4      | Noticed an ogre
  2831 | D:4      | Killed an ogre
  2832 | D:4      | Reached XP level 6. HP: 36/36 MP: 1/10
  2996 | D:4      | Killed Edmund
  2997 | D:4      | Reached skill level 5 in Stealth
  3368 | D:5      | Entered Level 5 of the Dungeon
  3378 | D:5      | Reached XP level 7. HP: 26/41 MP: 4/12
  3934 | D:5      | Reached skill level 6 in Stealth
  3936 | D:5      | Reached * piety under Vehumet
  3936 | D:5      | Offered knowledge of Magic Dart by Vehumet.
  3937 | D:5      | Reached XP level 8. HP: 20/46 MP: 1/14
  4202 | D:5      | Reached skill level 5 in Fire Magic
  4543 | D:5      | Identified a scroll of acquirement
  4543 | D:5      | Acquired the +4 glaive of Perfectionism {elec, Str+2}
  5190 | D:5      | Slain by a sky beast

Illustrated notes

Levels and vault maps discovered:
D:1:      wheals_arrival_shading, layout_loops_cross,
          nicolae_ecumenical_lake_church
D:2:      layout_basic, basic_altar, serial_shops, nicolae_square_shop, shop,
          nicolae_shop_trees, shop, minmay_hexomino_p4
D:3:      layout_basic, vehumet_crystals, mainiacjoe_overflow_swirl,
          minmay_goblin_outpost
D:4:      layout_cave_pools, uniq_edmund
D:5:      layout_layer_cave, minmay_fire_ice_demons

Skill      XL: |  1  2  3  4  5  6  7  8 |
---------------+-------------------------+-----
Stealth        | 3 4 5 6 |  6.5
Conjurations   | 2 3 4 |  4.1
Dodging        | 3 4 |  4.5
Spellcasting   | 3 4 |  4.2
Fire Magic     | 4 5 |  5.1
Fighting       | |  0.2
Polearms       | |  0.1

Action                   |  1- 3 |  4- 6 |  7- 9 || total
-------------------------+-------+-------+-------++-------
Melee: Unarmed           |     2 |       |       ||     2
       Constrict         |     8 |     3 |     4 ||    15
       Whip              |    19 |       |       ||    19
       Tentacles         |     3 |     2 |     2 ||     7
       Hand axe          |       |    11 |       ||    11
       Flail             |       |     1 |     9 ||    10
       Glaive            |       |       |     4 ||     4
 Cast: Foxfire           |    28 |    22 |    21 ||    71
       Scorch            |     8 |    22 |    26 ||    56
  Use: Scroll            |       |       |    10 ||    10
 Stab: Sleeping          |     8 |     1 |       ||     9
Armor: Skin              |       |     1 |     4 ||     5
Dodge: Dodged            |    13 |    17 |    15 ||    45
